 Dungeon Crawl Stone Soup version 0.28-a0-909-g796cbd3a86 (webtiles) character file.

Game seed: 14360426799615708736

7450 Peloso the Carver (level 10, -7/90 HPs)
             Began as a Minotaur Fighter on Nov 24, 2021.
             Was a High Priest of Okawaru.
             Mangled by a Hell Sentinel (19 damage)
             ... on level 1 of the Abyss.
             The game lasted 00:26:04 (11773 turns).

Peloso the Carver (Minotaur Fighter)               Turns: 11773, Time: 00:26:05

Health: -7/90      AC: 25    Str: 23    XL:     10   Next: 93%
Magic:  7/9        EV:  9    Int:  5    God:    Okawaru [*****.]
Gold:   434        SH:  7    Dex: 11    Spells: 9/9 levels left

rFire   . . .      SeeInvis .   a - +6 scimitar "Purixus" {vamp, rCorr Stlth+}
rCold   . . .      Faith    .   c - +0 buckler
rNeg    . . .      Spirit   .   k - +0 plate armour
rPois   .          Reflect  .   n - +2 hat
rElec   .          Harm     .   j - +0 cloak
rCorr   +          Rampage  .   C - +2 pair of gloves
Will    .....                   (no boots)
Stlth   ..........              (no amulet)
HPRegen 0.25/turn               (no ring)
MPRegen 0.11/turn               (no ring)

@: heroic
A: horns 2, retaliatory headbutt
a: Renounce Religion, Heroism, Finesse, Duel


You were on level 1 of the Abyss.
You worshipped Okawaru.
Okawaru was extremely pleased with you.
You visited 2 branches of the dungeon, and saw 11 of its levels.
You visited the Abyss 1 time.
You also visited: Sewer.

You collected 566 gold pieces.
You spent 132 gold pieces at shops.

Inventory:

Hand Weapons
 a - the +6 scimitar "Purixus" (weapon) {vamp, rCorr Stlth+}
   (You found it on level 8 of the Dungeon)

   It occasionally heals its wielder for a portion of the damage dealt when it
   wounds a living foe.
   rCorr:     It protects you from acid and corrosion.
   Stlth:     It makes you more stealthy.
 b - a +2 hand axe of flaming
Missiles
 l - 3 throwing nets (quivered)
Armour
 c - a +0 buckler (worn)
 g - a +4 scale mail of cold resistance
 j - a +0 cloak (worn)
 k - a +0 plate armour (worn)
 n - a +2 hat (worn)
 s - the +3 hat of the Doldrums {Harm Regen+ Slay+2}
   (You found it on level 7 of the Dungeon)

   Slay:      It affects your accuracy & damage with ranged weapons and melee
   (+2).
   Regen:     It increases your rate of health regeneration.
   Harm:      It increases damage dealt and taken.
 C - a +2 pair of gloves (worn)
Jewellery
 d - a +6 ring of intelligence
 p - a ring of protection from cold
 H - a ring of see invisible
Wands
 A - a wand of iceblast (6)
 D - a wand of acid (10)
Scrolls
 e - 5 scrolls of blinking
 f - 2 scrolls of enchant weapon
 h - 2 scrolls of noise
 m - 2 scrolls of identify
 o - 5 scrolls of enchant armour
 q - 6 scrolls of teleportation
 u - a scroll of brand weapon
 v - 2 scrolls of fear
 y - 3 scrolls of immolation
 B - 2 scrolls of amnesia
Potions
 i - a potion of mutation
 r - 2 potions of curing
 t - 4 potions of flight
 w - a potion of magic
 x - a potion of invisibility
 z - 2 potions of haste {unknown}
 F - a potion of ambrosia
 G - a potion of heal wounds


   Skills:
 + Level 8.8(13.8) Fighting
 + Level 13.0(18.0) Long Blades
 + Level 11.7(16.7) Armour
 + Level 1.1(6.1) Dodging
 + Level 0.8(5.8) Stealth
 + Level 7.2(12.2) Shields
 + Level 0.8 Invocations
 + Level 1.4 Evocations


You had 9 spell levels left.
You didn't know any spells.
Your spell library contained the following spells:

 Spells                   Type           Power      Damage    Failure   Level
 Gell's Gravitas          Tloc           0%         N/A       100%        3
 Lesser Beckoning         Tloc           0%         N/A       100%        3
 Teleport Other           Tloc           0%         N/A       100%        3
 Alistair's Intoxication  Tmut/Pois      0%         N/A       100%        5
 Borgnjor's Vile Clutch   Necr/Erth      0%         N/A       100%        5
 Eringya's Noxious Bog    Tmut/Pois      0%         N/A       100%        6


Dungeon Overview and Level Annotations

Branches:
Dungeon (10/15)            Temple (1/1) D:7           Sewer (visited)
   Lair: D:8-11         Orc: D:9-12

Altars:
Ashenzari
Cheibriados
Fedhas
Kikubaaqudgha
Makhleb
Nemelex Xobeh
Okawaru
Qazlal
Ru
Sif Muna
Uskayaw
Wu Jian
Xom
Yredelemnul
The Shining One

Shops:
D:2 ?   D:3 (

Annotations:
D:10 Erolcha


Innate Abilities, Weirdness & Mutations

You have a pair of horns on your head.
You reflexively headbutt those who attack you in melee.


Message History

You feel the power of the Abyss delaying your translocation!
The ufetubus closely misses you.
The ufetubus hits you but does no damage.
You block the ufetubus's attack. The ufetubus closely misses you.
You block the ufetubus's attack. The ufetubus hits you. x2
The ufetubus barely misses you. The ufetubus barely misses you.
The ufetubus hits you but does no damage.
You block the ufetubus's attack. The ufetubus barely misses you.
You block the ufetubus's attack. The ufetubus barely misses you.
You are suddenly pulled into a different region of the Abyss!
You feel a little less agile now.
HP restored.
A Hell Sentinel comes into view.
The Hell Sentinel roars!
Okay, then.
You gain the combat prowess of a mighty hero.
You slice the Hell Sentinel!!
You headbutt the Hell Sentinel, but do no damage.
The Hell Sentinel is lightly wounded.
The Hell Sentinel hits you but does no damage.
The Hell Sentinel closely misses you.
You hit the Hell Sentinel but do no damage.
You headbutt the Hell Sentinel, but do no damage.
The Hell Sentinel is lightly wounded.
The Hell Sentinel gestures at you. The iron shot hits you!!!
Ouch! That really hurt!
You barely miss the Hell Sentinel.
You headbutt the Hell Sentinel, but do no damage.
The Hell Sentinel is lightly wounded.
You barely miss the Hell Sentinel.
The Hell Sentinel is lightly wounded.
The Hell Sentinel hits you!!
* * * LOW HITPOINT WARNING * * *
The Hell Sentinel hits you but does no damage.
You hit the Hell Sentinel but do no damage.
The Hell Sentinel is lightly wounded.
The Hell Sentinel hits you!!
You die...

######
##.#..#
##.....##
#..#....#
##...@#
##..#1##
#.#.#......#
#..## .#.# .
# ## ##


You could see a Hell Sentinel.

Vanquished Creatures
  Harold (D:8)
  A two-headed ogre (D:8)
  Pikel (D:7)
  Maggie (D:6)
  A troll (D:9)
  3 hornets (D:9)
  2 wyverns (D:8)
  Eustachio (D:4)
  4 vampire mosquitoes (D:10)
  2 steam dragons
  Menkaure (D:6)
  Edmund (D:5)
  Duvessa (D:4)
  An orc warrior (D:8)
  3 ice beasts
  2 black bears
  2 ogres (D:5)
  A lemure (D:7)
  A centaur (D:6)
  A kobold brigand (D:9)
  3 phantoms
  3 scorpions
  2 wyvern skeletons (D:7)
  Dowan (D:4)
  22 wights
  A centaur zombie (D:10)
  A bullfrog zombie (D:7)
  2 centaur skeletons
  3 orc priests
  A jelly (D:6)
  Crazy Yiuf (D:5)
  Natasha (D:4)
  3 iguanas
  9 orc wizards
  2 killer bee zombies
  A howler monkey skeleton (D:6)
  2 adders (D:2)
  A river rat (D:4)
  A white imp (D:7)
  7 worms
  3 dart slugs
  35 orcs
  13 bats
  11 endoplasms
  9 giant cockroaches
  9 goblins
  7 hobgoblins
  5 jackals
  8 quokkas
  7 ball pythons
  5 frilled lizards
  18 kobolds
  7 rats
235 creatures vanquished.

Notes
Turn   | Place    | Note
-------+----------+-------------------------------------------
     0 | D:1      | Peloso the Minotaur Fighter began the quest for the Orb.
     0 | D:1      | Reached XP level 1. HP: 19/19 MP: 0/0
    84 | D:1      | Reached XP level 2. HP: 27/27 MP: 1/1
   293 | D:1      | Reached XP level 3. HP: 33/33 MP: 2/2
   488 | D:1      | Reached skill level 3 in Long Blades
   790 | D:2      | Found a snail-covered altar of Cheibriados.
  1030 | D:2      | Found a faded altar of an unknown god.
  1045 | D:2      | Reached XP level 4. HP: 40/40 MP: 3/3
  1273 | D:2      | Found Foudushru's Magic Scroll Shop.
  1277 | D:2      | Bought a scroll of teleportation for 36 gold pieces
  1277 | D:2      | Bought a scroll of identify for 24 gold pieces
  1955 | D:3      | Noticed a scorpion
  1962 | D:3      | Killed a scorpion
  1963 | D:3      | Reached skill level 4 in Long Blades
  1963 | D:3      | Reached XP level 5. HP: 25/47 MP: 4/4
  2343 | D:3      | Reached skill level 5 in Long Blades
  2650 | D:3      | Found Kegim's Weapon Shop.
  2755 | D:4      | Noticed Eustachio
  2760 | D:4      | Killed Eustachio
  2761 | D:4      | Reached skill level 5 in Armour
  2761 | D:4      | Reached XP level 6. HP: 55/55 MP: 5/5
  2901 | D:4      | Reached skill level 6 in Long Blades
  2943 | D:4      | Reached skill level 5 in Fighting
  2943 | D:4      | Found a glowing drain.
  2950 | Sewer    | Entered a sewer
  3873 | D:4      | Found a sparkling altar of Nemelex Xobeh.
  3873 | D:4      | Noticed Natasha
  3885 | D:4      | Killed Natasha
  4067 | D:4      | Noticed Duvessa
  4080 | D:4      | Killed Duvessa
  4081 | D:4      | Reached XP level 7. HP: 56/61 MP: 6/6
  4100 | D:4      | Noticed Dowan
  4115 | D:4      | Killed Dowan
  4116 | D:4      | Reached skill level 7 in Long Blades
  4168 | D:5      | Entered Level 5 of the Dungeon
  4178 | D:5      | Found the +4 robe of Augmentation {Str+4 Int+4 Dex+4}
  4178 | D:5      | Noticed Edmund
  4206 | D:4      | HP: 3/61 [poisoned by a scorpion]
  4635 | D:2      | Bought a scroll of identify for 24 gold pieces
  4637 | D:2      | Bought a scroll of identify for 24 gold pieces
  4637 | D:2      | Bought a scroll of identify for 24 gold pieces
  4851 | D:5      | Reached skill level 5 in Shields
  4895 | D:5      | Reached XP level 8. HP: 63/70 MP: 7/7
  4959 | D:6      | You fall into a shaft and drop 1 floor!
  4966 | D:7      | Reached skill level 8 in Long Blades
  5227 | D:7      | Found a staircase to the Ecumenical Temple.
  5279 | Temple   | Entered the Ecumenical Temple
  5328 | Temple   | Became a worshipper of Warmaster Okawaru
  5398 | D:7      | Reached skill level 9 in Long Blades
  5941 | D:7      | Identified the +3 hat of the Doldrums {Harm Regen+ Slay+2}
  6149 | D:7      | Noticed Pikel
  6182 | D:7      | Killed Pikel
  6182 | D:7      | Reached * piety under Okawaru
  6182 | D:7      | Reached ** piety under Okawaru
  6183 | D:7      | Reached skill level 10 in Long Blades
  6183 | D:7      | Reached XP level 9. HP: 58/78 MP: 8/8
  6453 | D:6      | Noticed Maggie
  6470 | D:6      | Killed Maggie
  6750 | D:6      | Found a broken altar of Ashenzari.
  6753 | D:6      | Found a basalt altar of Yredelemnul.
  6759 | D:6      | Found a blossoming altar of Fedhas.
  6762 | D:6      | Found a burning altar of Makhleb.
  6765 | D:6      | Found a sacrificial altar of Ru.
  6769 | D:6      | Found an ornate altar of the Wu Jian Council.
  7027 | D:6      | Reached skill level 11 in Long Blades
  7086 | D:6      | Noticed Menkaure
  7097 | D:6      | Killed Menkaure
  7406 | D:6      | Reached *** piety under Okawaru
  7482 | D:6      | Reached skill level 1 in Evocations
  8082 | D:5      | Killed Edmund
  8344 | D:5      | Found a runed translucent door.
  8345 | D:5      | Noticed Crazy Yiuf
  8758 | D:5      | Killed Crazy Yiuf
  8945 | D:8      | Reached XP level 10. HP: 84/88 MP: 9/9
  9028 | D:8      | Noticed Harold
  9063 | D:8      | Killed Harold
  9064 | D:8      | Reached skill level 12 in Long Blades
  9064 | D:8      | Reached skill level 1 in Dodging
  9066 | D:8      | Reached skill level 10 in Armour
  9071 | D:8      | HP: 3/88 [orc priest/divine providence (11)]
  9422 | D:8      | Noticed a two-headed ogre
  9430 | D:8      | Killed a two-headed ogre
  9430 | D:8      | Reached **** piety under Okawaru
  9679 | D:8      | Identified the +6 scimitar "Purixus" {vamp, rCorr Stlth+}
 10211 | D:9      | Paralysed by a hornet for 1 turns
 11220 | D:9      | Reached ***** piety under Okawaru
 11386 | D:10     | Entered Level 10 of the Dungeon
 11467 | D:10     | Reached skill level 13 in Long Blades
 11657 | D:10     | Noticed Erolcha
 11657 | D:10     | Cast into level 1 of the Abyss (Erolcha)
 11657 | Abyss:1  | Found a corrupted altar of Lugonu.
 11697 | Abyss:1  | Noticed an apocalypse crab
 11764 | Abyss:1  | Noticed a Hell Sentinel
 11773 | Abyss:1  | Mangled by a Hell Sentinel

Illustrated notes

Levels and vault maps discovered:
D:1:      amcnicky_arrival_single_pillar, layout_rooms, minmay_ruptured
D:2:      layout_loops_corners, ebering_ecumenical_altar_ruins, serial_shops,
          nicolae_shop_stone, basic_altar, minmay_tetromino_o2
D:3:      layout_loops_corners, serial_shops, nicolae_shop_statue_plus
D:4:      minmay_skewed_foursquare, layout_rooms, nemelex_dance_club_becter,
          gup_sewer_entry_bubbles, kennysheep_generic_room_8, uniq_eustachio,
          uniq_natasha, uniq_duvessa
D:5:      layout_basic, uniq_crazy_yiuf_cottage, uniq_edmund
D:6:      layout_basic, nicolae_overflow_hallway_of_the_gods,
          hangedman_decor_points, uniq_menkaure, uniq_maggie
D:7:      layout_gridville, minmay_temple_entry_antechambers, uniq_pikel
D:8:      layout_basic, solitary_fountain, uniq_harold
D:9:      layout_stronghold
D:10:     layout_loops_ring, orc_0_dummy, kennysheep_cross_bottleneck,
          uniq_erolcha
Temple:   regret_index_temple_waves
Abyss:1:  base:
D:1

Skill      XL: |  1  2  3  4  5  6  7  8  9 10 |
---------------+-------------------------------+-----
Armour         | 4 5 6 7 9 11 | 11.7
Fighting       | 4 5 6 7 8 |  8.8
Shields        | 4 5 6 7 |  7.2
Long Blades    | 3 4 5 6 7 10 11 13 | 13.0
Evocations     | 1 |  1.4
Dodging        | 1 |  1.1
Stealth        | |  0.8
Invocations    | |  0.8

Action                   |  1- 3 |  4- 6 |  7- 9 | 10-12 || total
-------------------------+-------+-------+-------+-------++-------
Melee: Long sword        |    70 |   209 |   300 |    47 ||   626
       Headbutt          |     9 |    37 |    61 |    23 ||   130
       Scimitar          |       |       |       |    85 ||    85
Invok: Heroism           |       |       |       |     3 ||     3
Evoke: Wand              |       |       |     7 |     2 ||     9
  Use: Scroll            |       |     8 |     6 |     6 ||    20
       Potion            |       |     3 |     1 |     4 ||     8
 Stab: Distracted        |       |       |     1 |       ||     1
Armor: Scale mail        |    27 |       |       |       ||    27
       Plate armour      |    11 |   139 |   135 |   102 ||   387
       Chain mail        |     8 |       |       |       ||     8
Dodge: Dodged            |    42 |    65 |    74 |    51 ||   232
Block: Buckler           |    11 |    47 |    68 |    32 ||   158

Table legend: (Time is in decaauts)
 A = Elapsed time spent in this place.
 B = Non-inter-level travel time spent in this place.
 C = Inter-level travel time spent in this place.
 D = Time resting spent in this place.
 E = Time spent auto-exploring this place.
 F = Levels seen in this place.
 G = Mean time per level.
                   A        B        C        D        E       F      G
               +--------+--------+--------+--------+--------+-----+--------+
         Total |  11931 |  11363 |    568 |   1201 |   7683 |  13 |  917.8 |
       Dungeon |  10657 |  10126 |    531 |    873 |   7113 |  10 | 1065.7 |
        Temple |    322 |    286 |     36 |    232 |     38 |   1 |  322.0 |
         Abyss |    114 |    114 |      0 |      0 |     43 |   1 |  114.0 |
         Sewer |    837 |    837 |      0 |     96 |    488 |   1 |  837.0 |
               +--------+--------+--------+--------+--------+-----+--------+

Top non-repeatable levels by time:
     D:6: 1666 daAuts
     D:9: 1337 daAuts
     D:4: 1232 daAuts
     D:3: 1180 daAuts
     D:7: 1159 daAuts
     D:8: 1119 daAuts
     D:5: 957 daAuts
     D:2: 945 daAuts
   Sewer: 837 daAuts
     D:1: 794 daAuts
  Temple: 322 daAuts
    D:10: 264 daAuts
 Abyss:1: 114 daAuts
